 Dungeon Crawl Stone Soup version 0.30-a0-739-gea05faddec (webtiles) character file.

Game seed: 4801179428385103474

329630 oldriver the Slayer (level 23, -7/223 HPs)
             Began as a Meteoran Hunter on Feb 5, 2023.
             Was a High Priest of Okawaru.
             Mangled by Vv (26 damage)
             ... on level 2 of the Crypt.
             The game lasted 02:00:01 (21193 turns).

oldriver the Slayer (Meteoran Hunter)              Turns: 21193, Time: 02:00:02

Health: -7/223     AC: 30    Str: 18    XL:     23   Next: 76%
Magic:  0/36       EV: 42    Int: 17    God:    Okawaru [*****.]
Gold:   1285       SH:  0    Dex: 36    Spells: 22/22 levels left

rFire   + + +      SeeInvis .    a - +1 shortbow of Viny Prudence {heavy, rF++}
rCold   + . .      Faith    .    (shield currently unavailable)
rNeg    + + .      Spirit   +    P - +5 ring mail of the Locust {Fly rN+ rCorr Dex+3}
rPois   +          Reflect  .    Z - +2 hat {Stlth+}
rElec   +          Harm     .    o - +2 cloak {Stlth+}
rCorr   +          Rampage  .    H - +2 pair of gloves {Stlth+}
Will    ++...                    n - +2 pair of boots
Stlth   +++                      h - amulet of guardian spirit
HPRegen 0.57/turn                O - ring of Joops {Contam +Blink rCorr Int+5 Dex+6}
MPRegen 0.25/turn                w - ring of Creativity {rPois rN+ Str+3}

@: resistant, heroic, finesse-ful, flying, hasted, glowing, very quick
A: sense surroundings 3, otherworldly, glowing, explore regen
}: 2/15 runes: barnacled, gossamer
a: Renounce Religion, Evoke Blink, Heroism, Finesse, Duel


You were on level 2 of the Crypt.
You worshipped Okawaru.
Okawaru was extremely pleased with you.
You visited 9 branches of the dungeon, and saw 40 of its levels.
You visited 1 bazaar.
You also visited: Sewer, Ossuary, Bailey and Gauntlet.

You collected 4655 gold pieces.
You spent 3370 gold pieces at shops.

Inventory:

Hand Weapons
 a - the +1 shortbow of Viny Prudence (weapon) {heavy, rF++}
   (You bought it in a shop in a bazaar)

   rF:        It greatly protects you from fire.
 b - the +3 arbalest "Qurioto" {drain, rElec rN+ Str-2}
   (Okawaru gifted it to you on level 8 of the Dungeon)

   Str:       It affects your strength (-2).
   rElec:     It insulates you from electricity.
   rN:        It protects you from negative energy.
 s - the +1 arbalest "Neyskef" {elec, SInv}
   (Okawaru gifted it to you on level 2 of the Vaults)

   SInv:      It lets you see invisible.
Armour
 d - a +2 pair of gloves of infusion
 n - a +2 pair of boots (worn)
 o - a +2 cloak of stealth (worn)
 B - the +9 scale mail "Kedogaa" {rElec rN+++ Will- Regen+}
   (Okawaru gifted it to you on level 2 of the Elven Halls)

   rElec:     It insulates you from electricity.
   rN:        It renders you almost immune to negative energy.
   Regen:     It increases your rate of health regeneration.
   Will:      It decreases your willpower.
 H - a +2 pair of gloves of stealth (worn)
 P - the +5 ring mail of the Locust (worn) {Fly rN+ rCorr Dex+3}
   (You took it off a minotaur in a Gauntlet)

   Dex:       It affects your dexterity (+3).
   rN:        It protects you from negative energy.
   Fly:       It grants you flight.
   rCorr:     It protects you from acid and corrosion.
 Z - a +2 hat of stealth (worn)
Jewellery
 h - an amulet of guardian spirit (around neck)
 i - a ring of magical power
 l - a ring of positive energy
 u - the ring of Temptation {rC+ SInv}
   (You bought it in a shop in a bazaar)

   [ring of see invisible]

   rC:        It protects you from cold.
   SInv:      It lets you see invisible.
 w - the ring of Creativity (right hand) {rPois rN+ Str+3}
   (You bought it in a shop on level 3 of the Shoals)

   [ring of poison resistance]

   Str:       It affects your strength (+3).
   rPois:     It protects you from poison.
   rN:        It protects you from negative energy.
 A - a ring of flight
 L - the ring of Grontol {Ice rPois rN+++ Str-2 Slay+3}
   (You took it off a merfolk aquamancer on level 4 of the Shoals)

   [ring of ice]

   It enhances your ice magic.
   Str:       It affects your strength (-2).
   Slay:      It affects your accuracy & damage with ranged weapons and melee
   (+3).
   rF:        It makes you vulnerable to fire.
   rC:        It protects you from cold.
   rPois:     It protects you from poison.
   rN:        It renders you almost immune to negative energy.
 O - the ring of Joops (left hand) {Contam +Blink rCorr Int+5 Dex+6}
   (You found it in a Gauntlet)

   [ring of dexterity]

   Int:       It affects your intelligence (+5).
   Dex:       It affects your dexterity (+6).
   +Blink:    It lets you blink.
   Contam:    It causes magical contamination when unequipped.
   rCorr:     It protects you from acid and corrosion.
 Q - the ring of Migees {rC++ MP-9 Dex+6}
   (You found it on level 2 of the Lair of Beasts)

   [ring of dexterity]

   Dex:       It affects your dexterity (+6).
   rC:        It greatly protects you from cold.
   MP:        It affects your magic capacity (-9).
 V - a ring of protection from fire
Wands
 r - a wand of iceblast (37)
 x - a wand of mindburst (7)
 D - a wand of digging (7)
 F - a wand of flame (37)
 M - a wand of quicksilver (6)
Scrolls
 c - 12 scrolls of fear
 f - 2 scrolls of blinking
 m - 9 scrolls of magic mapping
 p - 9 scrolls of teleportation
 q - a scroll of amnesia
 y - 18 scrolls of identify
 R - 2 scrolls of poison
 S - 5 scrolls of enchant armour
 T - 2 scrolls of enchant weapon
 U - 9 scrolls of fog
 W - 2 scrolls of brand weapon
Potions
 e - 3 potions of heal wounds
 g - 21 potions of curing
 k - 19 potions of ambrosia
 t - a potion of berserk rage
 v - 9 potions of cancellation
 z - 9 potions of mutation
 J - 5 potions of might
 X - 2 potions of resistance
Miscellaneous
 K - a condenser vane


   Skills:
 - Level 22.0(27) Fighting
 - Level 18.0(23.0) Ranged Weapons
 + Level 21.6(26.6) Armour
 + Level 19.7(24.7) Dodging
 - Level 3.0(8.0) Stealth
 - Level 17.0 Invocations
 - Level 8.0 Evocations


You had 22 spell levels left.
You didn't know any spells.
Your spell library contained the following spells:

 Spells                   Type           Power      Damage    Failure   Level
 Apportation              Tloc           0%         N/A       30%         1
 Freeze                   Ice            0%         1d3       30%         1
 Magic Dart               Conj           0%         1d3       30%         1
 Necrotise                Necr           0%         1d4       30%         1
 Sting                    Tmut/Pois      0%         1d3       30%         1
 Blink                    Tloc           0%         N/A       41%         2
 Poisonous Vapours        Pois/Air       0%         N/A       41%         2
 Searing Ray              Conj           0%         2d4       41%         2
 Sublimation of Blood     Necr           0%         N/A       41%         2
 Wereblood                Tmut           0%         N/A       41%         2
 Frozen Ramparts          Ice            0%         1d1       65%         3
 Hailstorm                Conj/Ice       0%         3d3       65%         3
 Inner Flame              Hex/Fire       0%         N/A       65%         3
 Mephitic Cloud           Conj/Pois/Air  0%         N/A       65%         3
 Ozocubu's Armour         Ice            0%         N/A       65%         3
 Portal Projectile        Hex/Tloc       0%         N/A       65%         3
 Cause Fear               Hex            0%         N/A       96%         4
 Flame Wave               Conj/Fire      0%         2d4       96%         4
 Fulminant Prism          Conj/Hex       0%         3d5       96%         4
 Manifold Assault         Tloc           0%         N/A       96%         4
 Olgreb's Toxic Radiance  Pois           0%         N/A       96%         4
 Petrify                  Tmut/Erth      0%         N/A       96%         4
 Sticky Flame             Conj/Fire      0%         2d3       96%         4
 Alistair's Intoxication  Tmut/Pois      0%         N/A       100%        5
 Blade Hands              Tmut           0%         N/A       100%        5
 Borgnjor's Vile Clutch   Necr/Erth      0%         N/A       100%        5
 Fireball                 Conj/Fire      0%         3d3       100%        5
 Irradiate                Conj/Tmut      0%         3d11      100%        5
 Iskenderun's Battlesphe  Conj           0%         2d6       100%        5
 Metabolic Englaciation   Hex/Ice        0%         N/A       100%        5
 Conjure Ball Lightning   Conj/Air       0%         3x3d6     100%        6
 Dispersal                Tloc           0%         N/A       100%        6
 Eringya's Noxious Bog    Tmut/Pois      0%         N/A       100%        6
 Dragon Form              Tmut           0%         N/A       100%        7
 Orb of Destruction       Conj           0%         9d5       100%        7
 Storm Form               Tmut/Air       0%         N/A       100%        7
 Discord                  Hex            0%         N/A       100%        8
 Disjunction              Tloc           0%         N/A       100%        8
 Chain Lightning          Conj/Air       0%         N/A       100%        9
 Fire Storm               Conj/Fire      0%         5d1       100%        9
 Shatter                  Erth           0%         3d5*      100%        9
 Summon Small Mammal      Summ           Unusable   N/A       N/A         1
 Call Imp                 Summ           Unusable   N/A       N/A         2
 Tukima's Dance           Hex            Unusable   N/A       N/A         3
 Simulacrum               Ice/Necr       Unusable   N/A       N/A         6
 Summon Hydra             Summ           Unusable   N/A       N/A         7
 Dragon's Call            Summ           Unusable   N/A       N/A         9

Dungeon Overview and Level Annotations

Branches:
Dungeon (15/15) Zot: 2158  Temple (1/1) D:4 Zot: 558    Lair (5/5) D:9 Zot: 180
 Shoals (4/4) Lair:3 Zot: 322  Spider (4/4) Lair:3 Zot: 20     Orc (2/2) D:10 Zot: 318
    Elf (3/3) Orc:2 Zot: 115  Vaults (4/5) D:14 Zot: 683   Crypt (2/3) Vaults:2 Zot: 429
  Sewer (visited)         Ossuary (visited)          Bailey (visited)
Gauntlet (visited)
  Slime: Lair:4-5    Depths: D:15

Altars:
Ashenzari
Cheibriados
Dithmenos
Elyvilon
Fedhas
Gozag
Hepliaklqana
Kikubaaqudgha
Makhleb
Okawaru
Qazlal
Ru
Sif Muna
Trog
Uskayaw
Vehumet
Wu Jian
Xom
Yredelemnul
Zin
The Shining One

Shops:
D:2 [   D:8 :[   D:9 *   Orc:1 ?   Orc:2 ((*(   Elf:1 *   Shoals:3 [=!
Vaults:3 [

Portals:
Hell: Lair:5

Annotations:
D:7 3 runed translucent doors, jasper's ghost, novice DsCA
D:15 1 transporter
Temple 2 transporters
Spider:3 3 runed translucent doors, Kilowitz's ghost, journeyman MiFi; Musia's ghost, adept DjCj
Elf:2 3 runed translucent doors
Crypt:2 Vv


Innate Abilities, Weirdness & Mutations

You passively map a large area around you.
You are easily found by Zot.
You glow in the dark.
You regain HP and MP as you explore.


Message History

Aim: Vv (heavily damaged, 78% to hit)
You shoot an arrow. The arrow closely misses Vv.
Fire: a) +1 shortbow of Viny Prudence {heavy, rF++}
Press: ? - help, Shift-Dir - straight line, f/p - Vv
Aim: Vv (heavily damaged, 78% to hit)
You shoot an arrow. The arrow hits Vv.
Vv is heavily damaged.
Vv closely misses you. Vv barely misses you.
Fire: a) +1 shortbow of Viny Prudence {heavy, rF++}
Press: ? - help, Shift-Dir - straight line, f/p - Vv
Aim: Vv (heavily damaged, 78% to hit)
You shoot an arrow. The arrow hits Vv!!!!
Vv is almost destroyed.
You shoot an arrow. The arrow hits Vv but does no damage.
Vv is almost destroyed.
Vv hits you!
* * * LOW HITPOINT WARNING * * *
Vv freezes you! You resist.
* * * LOW HITPOINT WARNING * * *
Vv completely misses you.
You shoot an arrow. The arrow hits Vv!
Vv is almost destroyed.
You shoot an arrow. The arrow closely misses Vv.
Vv calls freezing cold from the walls.
The frost grips you!! You resist.
* * * LOW HITPOINT WARNING * * *
You are encased in ice.
You shoot an arrow. The arrow hits Vv!
Vv is almost destroyed.
You shoot an arrow. The arrow hits Vv!
Vv is almost destroyed.
Vv completely misses you. x2
You shoot an arrow. The arrow barely misses Vv.
You shoot an arrow. The arrow hits Vv.
Vv is almost destroyed.
The ice encasing you melts away. Vv hits you!!
* * * LOW HITPOINT WARNING * * *
Vv freezes you!! You resist.
You die...

,,#....#........#......#######.
, #....#######'##..............
, #.......[)................=..
,,#......########..............
, #......# #.######..####)
#####......# #.# #..# #.
...........# #.# #..# #†
...........########.# #..# #.
....>.........)9@...# #..# #.
........###########z######..#
#. ######..# #.........# #.
#..# #.........# *#. #..#
#.............. #..#
#.............. #..#
#.#########.... #..# #.# ,,, ,
.... ######..# #.#, , ....


You could see Vv and a skeletal warrior.

Vanquished Creatures
  Mennas (Crypt:2)
  Mara (Spider:3)
  Boris (Vaults:2)
  Bai Suzhen (Shoals:3)
  Jorgrun (Spider:1)
  A lich (Vaults:1)
  A titan (Shoals:4)
  A sphinx (Vaults:2)
  A kraken (Shoals:3)
  Ilsuiw (Shoals:2)
  2 revenants
  2 emperor scorpions (Spider:4)
  A frost giant (D:11)
  5 vault wardens
  Aizul (Shoals:2)
  4 broodmothers (Spider:4)
  5 ghouls (Crypt:2)
  6 ironbound preservers
  2 orc warlords (Vaults:3)
  5 very ugly things (Vaults:2)
  3 ironbound thunderhulks
  3 stone giants (D:11)
  Nessos (D:12)
  5 vampire knights
  A minotaur (Gauntlet)
  5 dire elephants
  3 spark wasps
  An eidolon (Crypt:2)
  5 merfolk javelineers
  3 jiangshi
  7 entropy weavers
  A great orb of eyes (Vaults:2)
  10 merfolk impalers
  5 yaktaur captains
  5 vault guards
  2 ironbound frosthearts
  A fenstrider witch zombie (Crypt:1)
  12 hydras
  2 jorogumos
  A rakshasa (D:11)
  18 centaur warriors
  2 death knights (Crypt:2)
  8 merfolk aquamancers
  2 merfolk avatars (Shoals:3)
  4 ogre magi (Orc:2)
  2 alligator snapping turtles
  7 radroaches
  3 catoblepae
  18 dancing weapons
  A boulder beetle (Vaults:3)
  5 death yaks
  22 two-headed ogres
  A satyr (Shoals:3)
  2 tengu warriors (D:13)
  2 vampire magi
  A deep troll earth mage (D:11)
  2 thrashing horrors (Gauntlet)
  An orc high priest (Elf:2)
  Sonja (Lair:2)
  10 deep elf knights
  A titan skeleton (Crypt:1)
  3 soul eaters (Crypt:1)
  A sun moth (Spider:4)
  A shadow wraith (Crypt:2)
  A sixfirhy (Lair:5)
  13 sea snakes
  13 skeletal warriors
  6 pharaoh ants
  A deep troll (shapeshifter) (D:11)
  A spriggan druid (Elf:3)
  20 deep trolls
  2 wizards
  A flayed ghost (Crypt:2)
  8 orb spiders
  A bog body (Crypt:2)
  3 phantasmal warriors
  6 ironbound convokers
  An orange crystal statue (D:14)
  A steelbarb worm (shapeshifter) (Elf:2)
  11 deep elf archers
  5 lindwurms
  Pikel (D:7)
  12 harpies
  4 steelbarb worms
  14 deep elf zephyrmancers
  8 orc knights
  13 wolf spiders
  16 deep elf pyromancers
  4 necromancers
  An oklob plant (Lair:4)
  11 ugly things
  13 fauns
  6 cyclopes
  13 manticores
  4 orc sorcerers
  10 elephants
  8 black mambas
  5 merfolk sirens
  7 demonic crawlers
  2 stone giant skeletons
  5 moths of wrath
  5 water nymphs
  7 vault sentinels
  13 cane toads
  A smoke demon (Lair:5)
  2 centaur skeletons (D:10)
  An orange demon (Lair:5)
  7 torpor snails
  5 gargoyles
  A white draconian zombie (Crypt:1)
  2 efreet
  A rime drake (shapeshifter) (D:14)
  5 rime drakes
  12 komodo dragons
  3 unseen horror zombies
  2 kobold demonologists
  A black draconian skeleton (Crypt:1)
  3 unseen horrors
  A komodo dragon (shapeshifter) (D:14)
  4 ice devils (Lair:5)
  2 freezing wraiths
  15 yaktaurs
  2 tengu conjurers (D:14)
  A sea snake skeleton (Crypt:2)
  A grey draconian skeleton (Crypt:2)
  2 minotaur zombies (Gauntlet)
  A harpy zombie (Crypt:2)
  10 trolls
  A red devil (Lair:5)
  6 polar bears
  A queen bee (D:13)
  4 wind drakes
  Prince Ribbit (Bailey)
  22 merfolk
  6 meliai
  19 tarantellas
  2 hellwings (D:10)
  15 blink frogs
  2 hornets
  An ettin zombie (Vaults:1)
  5 snapping turtles
  3 dream sheep (Shoals:3)
  11 air elementals
  12 jumping spiders
  A shadow (D:11)
  20 water elementals
  13 slime creatures
  27 culicivoras
  A spriggan (shapeshifter) (Elf:1)
  46 yaks
  2 wyverns
  A dire elephant simulacrum (Crypt:1)
  4 wraiths
  A slime creature zombie (Crypt:2)
  8 humans (Bailey)
  3 vampires
  8 basilisks
  A black mamba skeleton (Crypt:1)
  4 vampire mosquitoes (D:11)
  2 fire elementals
  41 redbacks
  2 steam dragons
  7 wargs
  A harpy simulacrum (Crypt:1)
  3 acid dragons
  3 hell hounds (Lair:5)
  12 water moccasins
  A swamp drake (Orc:1)
  3 ice beasts
  5 black bears
  14 orc warriors
  4 sky beasts
  32 ogres
  10 wolves
  An ogre (shapeshifter) (Elf:3)
  8 boggarts
  A phantom (D:6)
  17 centaurs
  A lemure (D:7)
  18 kobold brigands
  4 small abominations (Gauntlet)
  23 bullfrogs
  7 gnoll sergeants
  3 earth elementals
  12 scorpions
  2 necrophages
  2 human skeletons
  A salamander skeleton (Crypt:2)
  5 wights
  A hornet simulacrum (D:14)
  A naga simulacrum (Crypt:1)
  A queen bee zombie (Crypt:1)
  27 killer bees
  5 howler monkeys
  A crimson imp (Orc:1)
  3 hounds
  8 centaur zombies
  6 human zombies
  2 jellies (D:8)
  Crazy Yiuf (D:6)
  A gnoll bouda (D:8)
  6 orc priests
  An iron imp (Orc:1)
  2 iguanas (D:5)
  7 scorpion zombies (Ossuary)
  11 hell rats
  18 orc wizards
  7 mummies
  8 adders
  23 gnolls
  A river rat (Sewer)
  7 shadow imps
  2 white imps
  2 ufetubi (D:7)
  2 worms
  2 dart slugs
  53 orcs
  12 ball pythons
  7 endoplasms
  8 giant cockroaches
  A gnoll zombie (Ossuary)
  7 goblins
  9 hobgoblins
  52 kobolds
  2 quokkas
  6 bats
  8 frilled lizards
  A goblin zombie (Ossuary)
  3 hobgoblin zombies (Ossuary)
  8 kobold skeletons (D:9)
  11 kobold zombies
  3 orc zombies (Ossuary)
  12 rats
  A rat skeleton (Crypt:1)
  2 tentacles (Shoals:3)
1456 creatures vanquished.

Vanquished Creatures (others)
  A deep elf knight (Elf:3)
  A deep elf zephyrmancer (Elf:3)
  A water nymph (Shoals:2)
  A cane toad (Lair:5)
  A hell hound (Lair:5)
  An orc warrior (Elf:2)
  An ogre (Orc:2)
  An orc priest (D:9)
  3 orcs (D:9)
  A kobold (Orc:1)
  3 demonic plants (Gauntlet)
  6 fungi
  82 plants
  11 tentacles (Shoals:3)
114 creatures vanquished.

Grand Total: 1570 creatures vanquished

Notes
Turn   | Place    | Note
-------+----------+-------------------------------------------
     0 | D:1      | oldriver the Meteoran Hunter began the quest for the Orb.
     0 | D:1      | Reached XP level 1. HP: 17/17 MP: 2/2
    64 | D:1      | Reached XP level 2. HP: 25/25 MP: 3/3
   196 | D:1      | Reached XP level 3. HP: 29/30 MP: 4/4
   233 | D:1      | Reached skill level 3 in Fighting
   318 | D:1      | Reached skill level 5 in Ranged Weapons
   351 | D:2      | Identified the +3 ring mail of Trial and Error {Int+3
                  | Stlth+}
   483 | D:2      | Found Diciess's Armour Boutique.
   495 | D:2      | Bought a +0 pair of gloves for 54 gold pieces
   591 | D:3      | Reached XP level 4. HP: 38/38 MP: 5/5
  1041 | D:4      | Reached XP level 5. HP: 46/46 MP: 6/6
  1091 | D:4      | Noticed a black bear
  1100 | D:4      | Killed a black bear
  1101 | D:4      | Reached skill level 4 in Fighting
  1101 | D:4      | Reached XP level 6. HP: 50/53 MP: 7/7
  1178 | D:4      | Found a staircase to the Ecumenical Temple.
  1184 | Temple   | Entered the Ecumenical Temple
  1184 | Temple   | Found a transporter.
  1184 | Temple   | Found a transporter.
  1186 | Temple   | Found a transporter.
  1186 | Temple   | Found a transporter.
  1213 | Temple   | Became a worshipper of Warmaster Okawaru
  1471 | D:5      | Entered Level 5 of the Dungeon
  1471 | D:5      | Noticed an ice beast
  1477 | D:5      | Killed an ice beast
  1478 | D:5      | Reached skill level 5 in Fighting
  1478 | D:5      | Reached skill level 1 in Armour
  1478 | D:5      | Reached XP level 7. HP: 35/61 MP: 8/8
  1552 | D:5      | Reached * piety under Okawaru
  1598 | D:5      | Reached skill level 6 in Fighting
  1598 | D:5      | Reached XP level 8. HP: 67/70 MP: 6/9
  1766 | D:5      | Found a glowing drain.
  1773 | Sewer    | Entered a sewer
  2156 | D:5      | Found a hazy altar of Hepliaklqana.
  2272 | D:6      | Reached skill level 7 in Fighting
  2336 | D:6      | Reached skill level 8 in Fighting
  2366 | D:6      | Reached ** piety under Okawaru
  2376 | D:6      | Gained mutation: You passively map the area around you.
                  | [Meteoran growth]
  2376 | D:6      | Reached XP level 9. HP: 79/81 MP: 10/10
  2414 | D:6      | Identified the +2 leather armour of Death Resistance {Drain
                  | *Slow Dex+5 Slay+6}
  2466 | D:6      | Found a sand-covered staircase.
  2477 | Ossuary  | Entered an ossuary
  2606 | Ossuary  | Reached skill level 10 in Ranged Weapons
  2695 | Ossuary  | Reached *** piety under Okawaru
  2782 | Ossuary  | Reached skill level 5 in Armour
  2782 | Ossuary  | Reached skill level 5 in Dodging
  2789 | Ossuary  | Reached XP level 10. HP: 63/88 MP: 9/11
  3124 | D:6      | Found a runed translucent door.
  3124 | D:6      | Identified the +1 hammer of Impatience {protect, Int+2}
  3125 | D:6      | Noticed Crazy Yiuf
  3133 | D:6      | Killed Crazy Yiuf
  3296 | D:7      | Noticed Pikel
  3315 | D:7      | Killed Pikel
  3315 | D:7      | Reached **** piety under Okawaru
  3336 | D:7      | Received a gift from Okawaru
  3362 | D:7      | Found a flagged portal.
  3398 | Bailey   | Entered a bailey
  3468 | Bailey   | Reached XP level 11. HP: 53/94 MP: 7/15
  3523 | Bailey   | Reached skill level 5 in Invocations
  3581 | Bailey   | Noticed a vault guard
  3596 | Bailey   | Killed a vault guard
  3618 | Bailey   | Noticed Prince Ribbit
  3618 | Bailey   | Noticed a vault guard
  3628 | Bailey   | Killed Prince Ribbit
  3655 | Bailey   | Killed a vault guard
  3656 | Bailey   | Reached skill level 10 in Invocations
  3802 | D:7      | Found a runed translucent gate.
  3802 | D:7      | Found a runed translucent gate.
  3802 | D:7      | Found a runed translucent gate.
  3814 | D:7      | Noticed jasper's ghost (novice DsCA)
  4013 | D:8      | Reached ***** piety under Okawaru
  4045 | D:8      | Identified a scroll of acquirement
  4045 | D:8      | Acquired 1112 gold pieces
  4234 | D:8      | Found Ywitaa's Armour Shop.
  4243 | D:8      | Bought a +1 chain mail of poison resistance for 175 gold
                  | pieces
  4243 | D:8      | Bought a +1 pair of gloves of stealth for 214 gold pieces
  4362 | D:8      | Found Imux's Book Boutique.
  4427 | D:9      | Reached skill level 9 in Fighting
  4509 | D:9      | Reached XP level 12. HP: 101/104 MP: 21/21
  4525 | D:9      | Noticed a two-headed ogre
  4530 | D:9      | Killed a two-headed ogre
  4539 | D:9      | Noticed a death yak
  4541 | D:9      | Noticed a death yak
  4541 | D:9      | Noticed a death yak
  4560 | D:8      | HP: 4/106 [death yak (20)]
  4574 | D:8      | Killed a death yak
  4574 | D:8      | Identified the +3 arbalest "Qurioto" {drain, rElec rN+
                  | Str-2} (Okawaru gifted it to you on level 8 of the Dungeon)
  4574 | D:8      | Received a gift from Okawaru
  4575 | D:8      | Reached skill level 10 in Fighting
  4650 | D:9      | Found Fuimocyr's Overcharged Wands.
  4703 | D:9      | Killed a death yak
  4712 | D:9      | Killed a death yak
  4744 | D:9      | Found a staircase to the Lair.
  4862 | D:9      | Found an ancient bone altar of Kikubaaqudgha.
  5029 | Lair:1   | Entered Level 1 of the Lair of Beasts
  5461 | Lair:2   | You fall into a shaft and drop 1 floor!
  5475 | Lair:3   | Noticed an eight-headed hydra
  5488 | Lair:3   | Killed an eight-headed hydra
  5488 | Lair:3   | Received a gift from Okawaru
  5489 | Lair:3   | Reached skill level 15 in Ranged Weapons
  5489 | Lair:3   | Reached XP level 13. HP: 39/113 MP: 7/22
  5625 | Lair:3   | Found a hole to the Spider Nest.
  5702 | Lair:3   | Reached skill level 5 in Evocations
  5702 | Lair:3   | Reached XP level 14. HP: 121/121 MP: 23/23
  5703 | Lair:3   | Reached skill level 10 in Armour
  5703 | Lair:3   | Reached skill level 10 in Dodging
  5703 | Lair:3   | Reached XP level 15. HP: 126/126 MP: 24/24
  6096 | Lair:2   | Identified the +1 leather armour of a treasure trove {Int+3
                  | Dex+2}
  6283 | Lair:4   | Found a gate leading to a gauntlet.
  6295 | Gauntlet | Entered a Gauntlet
  6295 | Gauntlet | Found a transporter.
  6303 | Gauntlet | Found a transporter.
  6305 | Gauntlet | Found a transporter.
  6320 | Gauntlet | Found a transporter.
  6330 | Gauntlet | Found a transporter.
  6336 | Gauntlet | Found a transporter.
  6352 | Gauntlet | Found the +3 Elemental Staff {rElec rF++ rC++ AC+5}
  6353 | Gauntlet | Found a transporter.
  6371 | Gauntlet | Found a transporter.
  6383 | Gauntlet | Found a transporter.
  6384 | Gauntlet | Noticed a balrug
  6395 | Gauntlet | Found a transporter.
  6407 | Gauntlet | Found a transporter.
  6525 | Gauntlet | Found a transporter.
  6526 | Gauntlet | Found a transporter.
  6533 | Gauntlet | Found a transporter.
  6539 | Gauntlet | Found a transporter.
  6575 | Gauntlet | Found a transporter.
  6616 | Gauntlet | Reached skill level 11 in Fighting
  6630 | Gauntlet | Identified the ring of Joops {Contam +Blink rCorr Int+5
                  | Dex+6}
  6645 | Gauntlet | Identified the +5 ring mail of the Locust {Fly rN+ rCorr
                  | Dex+3}
  6673 | Gauntlet | Identified the +8 glaive of the Uplifting Gods {flame,
                  | *Corrode rElec rF+ Str+2}
  6797 | Gauntlet | Glimpsed the power of Zot.
  6810 | Gauntlet | Received a gift from Okawaru
  6810 | Gauntlet | Found the +8 Wrath of Trog {antimagic, *Rage Rampage}
  6916 | Lair:4   | Reached skill level 12 in Fighting
  7171 | Lair:5   | Entered Level 5 of the Lair of Beasts
  7191 | Lair:5   | Reached skill level 13 in Fighting
  7206 | Lair:5   | Reached XP level 16. HP: 144/144 MP: 25/25
  7385 | Lair:5   | Reached skill level 14 in Fighting
  7671 | Lair:5   | Reached skill level 15 in Fighting
  7834 | Lair:5   | Found a burning altar of Makhleb.
  7848 | Lair:5   | Received a gift from Okawaru
  7920 | Lair:5   | Reached skill level 16 in Fighting
  7927 | Lair:5   | Found a gateway to Hell.
  8071 | Spider:1 | Entered Level 1 of the Spider Nest
  8293 | Spider:1 | Noticed Jorgrun
  8317 | Spider:1 | Killed Jorgrun
  8615 | Spider:2 | Reached XP level 17. HP: 158/158 MP: 26/26
  9148 | Spider:3 | Received a gift from Okawaru
  9213 | Spider:3 | Noticed Mara
  9242 | Spider:3 | Killed Mara
  9261 | Spider:3 | Found a runed translucent gate.
  9261 | Spider:3 | Found a runed translucent gate.
  9262 | Spider:3 | Found a runed translucent gate.
  9376 | Spider:3 | Noticed Kilowitz's ghost (journeyman MiFi)
  9377 | Spider:3 | Noticed Musia's ghost (adept DjCj)
  9446 | Spider:4 | Entered Level 4 of the Spider Nest
  9574 | Spider:4 | Reached skill level 15 in Armour
  9574 | Spider:4 | Reached skill level 15 in Dodging
  9592 | Spider:4 | Identified the +9 trident of the Beginning {freeze, Contam
                  | rPois rF++ MP+9}
  9689 | Spider:4 | Identified the +0 dagger of Vonuthu {speed, Dex+4} (Okawaru
                  | gifted it to you on level 4 of the Spider Nest)
  9689 | Spider:4 | Received a gift from Okawaru
  9883 | Spider:4 | Gained mutation: You passively map a large area around you.
                  | [Meteoran growth]
  9883 | Spider:4 | Reached XP level 18. HP: 121/167 MP: 22/27
 10076 | Spider:4 | Reached skill level 17 in Fighting
 10106 | Spider:4 | Got a gossamer rune of Zot
 10309 | Spider:4 | Received a gift from Okawaru
 10605 | Spider:1 | Glimpsed the power of Zot.
 10661 | Spider:1 | Glimpsed the power of Zot.
 10704 | Lair:3   | Found a staircase to the Shoals.
 10725 | Shoals:1 | Entered Level 1 of the Shoals
 11148 | Shoals:2 | Reached skill level 18 in Fighting
 11176 | Shoals:2 | Noticed Ilsuiw
 11188 | Shoals:2 | Noticed Aizul
 11209 | Shoals:2 | Killed Aizul
 11209 | Shoals:2 | Received a gift from Okawaru
 11244 | Shoals:2 | Killed Ilsuiw
 11456 | Shoals:2 | You are sucked into a shaft and drop 1 floor!
 11456 | Shoals:3 | Found Dahue's Distillery.
 11481 | Shoals:3 | Reached XP level 19. HP: 178/179 MP: 28/28
 11537 | Shoals:3 | Bought a potion of haste for 140 gold pieces
 11537 | Shoals:3 | Bought 2 potions of curing for 84 gold pieces
 11537 | Shoals:3 | Bought a potion of might for 56 gold pieces
 11537 | Shoals:3 | Bought a potion of curing for 42 gold pieces
 11537 | Shoals:3 | Bought a potion of curing for 42 gold pieces
 11741 | Shoals:3 | Found Azioheaz's Antique Armour Shoppe.
 11872 | Shoals:3 | Found Durchiatt's Jewellery Shoppe.
 11880 | Shoals:3 | Bought the ring of Creativity {rPois rN+ Str+3} for 525
                  | gold pieces
 12057 | Shoals:3 | Noticed Bai Suzhen
 12073 | Shoals:3 | Killed Bai Suzhen
 12104 | Shoals:4 | Entered Level 4 of the Shoals
 12140 | Shoals:4 | Paralysed by an air elemental for 1 turns
 12142 | Shoals:4 | Paralysed by an air elemental for 1 turns
 12198 | Shoals:4 | Identified the +4 robe of a bazaar {Int-5 SInv Stlth+}
                  | (Okawaru gifted it to you on level 4 of the Shoals)
 12198 | Shoals:4 | Received a gift from Okawaru
 12201 | Shoals:4 | Paralysed by an air elemental for 1 turns
 12445 | Shoals:4 | Identified the +2 pair of boots of Snakes and Ladders {Harm
                  | *Corrode rPois Slay+4}
 12510 | Shoals:4 | Identified the ring of Grontol {Ice rPois rN+++ Str-2
                  | Slay+3}
 12621 | Shoals:4 | Noticed a titan
 12625 | Shoals:4 | Killed a titan
 12632 | Shoals:4 | Got a barnacled rune of Zot
 12909 | Lair:2   | Noticed Sonja
 12911 | Lair:2   | Killed Sonja
 12940 | Lair:2   | Identified the ring of Migees {rC++ MP-9 Dex+6}
 13182 | D:10     | Entered Level 10 of the Dungeon
 13214 | D:10     | Reached XP level 20. HP: 179/187 MP: 30/30
 13469 | D:10     | Found a staircase to the Orcish Mines.
 13520 | Orc:1    | Entered Level 1 of the Orcish Mines
 13535 | Orc:1    | Found Kiroex's Magic Scroll Shoppe.
 13558 | Orc:1    | Bought a scroll of blinking for 112 gold pieces
 13558 | Orc:1    | Bought a scroll of enchant armour for 112 gold pieces
 13558 | Orc:1    | Bought a scroll of enchant weapon for 112 gold pieces
 13658 | Orc:1    | Identified the +0 hat "Ziw Qeyq" {Str+3}
 13793 | Orc:2    | Entered Level 2 of the Orcish Mines
 13843 | Orc:2    | Found Meit's Antique Weapon Shoppe.
 13843 | Orc:2    | Found Seclir's General Store.
 13843 | Orc:2    | Found Seirhiol's Weapon Boutique.
 13843 | Orc:2    | Found Ziogylo's Weapon Emporium.
 13910 | Orc:2    | Received a gift from Okawaru
 13984 | Orc:2    | Bought a scroll of fear for 40 gold pieces
 13984 | Orc:2    | Bought a potion of resistance for 100 gold pieces
 13984 | Orc:2    | Bought a scroll of teleportation for 30 gold pieces
 14002 | Orc:2    | Found a burning altar of Makhleb.
 14127 | Orc:2    | Found a staircase to the Elven Halls.
 14145 | Elf:1    | Entered Level 1 of the Elven Halls
 14176 | Elf:1    | Paralysed by an air elemental for 1 turns
 14345 | Elf:1    | Found Heshep's Specific Store.
 14347 | Elf:1    | Found Uduggeq's General Store.
 14355 | Elf:1    | Bought a scroll of teleportation for 45 gold pieces
 14355 | Elf:1    | Bought a scroll of fear for 60 gold pieces
 14359 | Elf:1    | Bought a potion of curing for 30 gold pieces
 14410 | Elf:1    | Identified the +1 falchion of Wyrd {heavy, rElec MP+9
                  | Str-4}
 14564 | Elf:2    | Reached skill level 19 in Fighting
 14577 | Elf:2    | Identified the +3 ring mail "Hokuoddi" {rN+ SInv}
 14624 | Elf:2    | Identified the +9 scale mail "Kedogaa" {rElec rN+++ Will-
                  | Regen+} (Okawaru gifted it to you on level 2 of the Elven
                  | Halls)
 14624 | Elf:2    | Received a gift from Okawaru
 14810 | Elf:2    | Reached XP level 21. HP: 192/198 MP: 31/31
 14827 | Elf:2    | Found a runed translucent gate.
 14828 | Elf:2    | Found a runed translucent gate.
 14828 | Elf:2    | Found a runed translucent gate.
 14912 | Elf:2    | Identified the +3 leather armour of Qumualer {Harm Int+3}
 14966 | Elf:3    | Entered Level 3 of the Elven Halls
 16165 | D:10     | Found an ancient bone altar of Kikubaaqudgha.
 16527 | D:11     | Identified the amulet of Uckacroiv {Reflect Harm MP+9 SH+5}
 16535 | D:11     | Reached ****** piety under Okawaru
 16541 | D:11     | Reached skill level 20 in Fighting
 16545 | D:11     | Identified the +7 lajatang "Kacius" {freeze, rN++ Str-4
                  | Stlth+} (Okawaru gifted it to you on level 11 of the
                  | Dungeon)
 16545 | D:11     | Received a gift from Okawaru
 16867 | D:12     | Identified the +6 scale mail of Ennui {Dex+5 Stlth-}
 17127 | D:12     | Reached skill level 1 in Stealth
 17176 | D:12     | Noticed Nessos
 17194 | D:12     | Killed Nessos
 17263 | D:12     | Found a flickering gateway to a bazaar.
 17284 | Bazaar   | Entered a bazaar
 17286 | Bazaar   | Found Inaezxaf's Assorted Antiques.
 17291 | Bazaar   | Found Itoesomn's Distillery.
 17294 | Bazaar   | Bought a vibrating pewter ring for 160 gold pieces
 17294 | Bazaar   | Identified the ring of Temptation {rC+ SInv} (You bought it
                  | in a shop in a bazaar)
 17301 | Bazaar   | Found Qienli's Assorted Antiques.
 17309 | Bazaar   | Found Tobexa's Assorted Antiques.
 17310 | Bazaar   | Bought a potion of curing for 87 gold pieces
 17310 | Bazaar   | Bought a scroll of enchant armour for 217 gold pieces
 17319 | Bazaar   | Bought a potion of curing for 102 gold pieces
 17319 | Bazaar   | Bought a scroll of blinking for 255 gold pieces
 17319 | Bazaar   | Found Tutumah's Antique Weapon Shop.
 17327 | Bazaar   | Bought a fading shortbow for 240 gold pieces
 17327 | Bazaar   | Identified the +1 shortbow of Viny Prudence {heavy, rF++}
                  | (You bought it in a shop in a bazaar)
 17360 | Bazaar   | Bought a potion of curing for 96 gold pieces
 17360 | Bazaar   | Bought a scroll of magic mapping for 240 gold pieces
 18288 | D:15     | Entered Level 15 of the Dungeon
 18332 | D:15     | Found a transporter.
 18338 | D:15     | Found a transporter.
 18396 | D:14     | Received a gift from Okawaru
 18428 | D:14     | Reached XP level 22. HP: 211/211 MP: 33/33
 18444 | D:14     | Identified the +0 fire dragon scales of the Arcane {rF++
                  | rC- Str+3}
 18616 | D:14     | Found a gate to the Vaults.
 18626 | Vaults:1 | Entered Level 1 of the Vaults
 18705 | Vaults:1 | HP: 8/211 [vault warden simulacrum (37)]
 19262 | Vaults:2 | Reached skill level 21 in Fighting
 19298 | Vaults:2 | Found a staircase to the Crypt.
 19308 | Vaults:2 | Noticed Boris
 19345 | Vaults:2 | Killed Boris
 19365 | Vaults:2 | Reached skill level 15 in Invocations
 19383 | Vaults:2 | Identified the +1 arbalest "Neyskef" {elec, SInv} (Okawaru
                  | gifted it to you on level 2 of the Vaults)
 19383 | Vaults:2 | Received a gift from Okawaru
 19784 | Vaults:2 | Reached XP level 23. HP: 160/221 MP: 30/35
 20015 | Vaults:3 | Identified the +6 chain mail "Kusir" {rElec rC- Will+++}
                  | (Okawaru gifted it to you on level 3 of the Vaults)
 20015 | Vaults:3 | Received a gift from Okawaru
 20056 | Vaults:3 | Found Owat's Armour Shoppe.
 20377 | Crypt:1  | Entered Level 1 of the Crypt
 20606 | Crypt:1  | Reached skill level 22 in Fighting
 20819 | Crypt:2  | Noticed Mennas
 20853 | Crypt:2  | Killed Mennas
 21069 | Arena    | Entered the Arena
 21167 | Crypt:2  | Noticed Vv
 21193 | Crypt:2  | Mangled by Vv

Illustrated notes

Levels and vault maps discovered:
D:1:      lemuel_arrival_river_bridge, layout_basic,
          dreamdust_ecumenical_altar_sealed_demon
D:2:      layout_rooms, serial_shops, shop, grunt_decor_cap, chequers_arboretum,
          uniq_terence
D:3:      layout_rooms, serial_park_tiny_1
D:4:      layout_basic, temple_green
D:5:      layout_rooms, nzn_hepliaklqana_mist_gate, gup_sewer_entry_bubbles
D:6:      layout_basic, nemelex_diamond_rough_becter, gup_ossuary_entry_pyramid,
          hex_large, minmay_crossroads, uniq_crazy_yiuf_cottage
D:7:      layout_cave_pools, enter_bailey_5, gammafunk_ghost_necromancy,
          skrybe_limestone_x, uniq_pikel
D:8:      layout_cave_pools, serial_shops, nicolae_shop_trees, shop
D:9:      wander_kiku_kobolds, layout_cave_pools, dpeg_lair_monsters,
          nicolae_shop_overcharged_wands
D:10:     cheibrodos_grave_circle, layout_rooms,
          lemuel_mausoleum_altar_kikubaaqudgha,
          kennysheep_orc_monster_closet_entryway
D:11:     minmay_tile_spiral, layout_small_grid
D:12:     layout_loops_corners, serial_shops, bzr_entry_gold, uniq_nessos
D:13:     layout_roguey [special_room_bee]
D:14:     layout_roguey, david_vaults_4, minivault_15, evilmike_minifort
D:15:     grunt_enter_depths_snipers, layout_irregular_city,
          corexii_corridor_pit, nicolae_diode_stairs
Temple:   hellmonk_temple_divided_pantheon
Lair:1:   layout_layer_cave, minivault_24, serial_bayou_shore_a
Lair:2:   layout_roguey, portal_ice_cave_rime, minmay_stone_trees_small,
          uniq_sonja
Lair:3:   layout_cave_pods, shoals_dummy_entry,
          hellmonk_spider_entry_life_and_decay
Lair:4:   nzn_winding_woodlands_cross [nzn_winding_woodlands_5x15_parted,
          nzn_winding_woodlands_5x15_sidewinder,
          nzn_winding_woodlands_5x15_lazy_stream,
          nzn_winding_woodlands_5x15_pool,
          nzn_winding_woodlands_15x15_five_gardens], layout_misc_corridors,
          dpeg_slime_entry_enclosed, gauntlet_entry_generic
Lair:5:   evil_forest, layout_misc_corridors, grunt_megastairs_5
Shoals:1: layout_shoals, nicolae_shoals_shepherds
Shoals:2: layout_shoals, uniq_aizul, uniq_ilsuiw
Shoals:3: cheibrodos_shoals_epimethial_gifts, layout_shoals, serial_shops,
          shop_fountains, shop, nicolae_shop_waterfront, uniq_bai_suzhen
Shoals:4: shoals_end_hellmonk_storm_palace [storm_palace_center_square,
          storm_palace_corner_reverse_hut, storm_palace_corner_blocked,
          storm_palace_corner_grid, storm_palace_corner_reverse_hut],
          serial_shops
Spider:1: layout_cave_pods, nicolae_spider_orb_run, uniq_jorgrun
Spider:2: layout_spider_delve, special_room
Spider:3: layout_spider_delve, gammafunk_ghost_cemetery,
          spiders_nest_spider_trap, uniq_mara
Spider:4: hellmonk_spider_rune_endless_swarm, nicolae_spider_eight_legs
Orc:1:    nicolae_orc_accident_2, layout_caves, special_room
          [special_room_kobold], serial_shops, shop, hangedman_minor_magic
Orc:2:    st_orc_ogre_mass, layout_caves, basic_altar, lightli_orcish_oven
Elf:1:    elf_arrival_001, layout_geoelf_diagonals, hangedman_corner_corridor,
          nicolae_specific_store, dreamdust_wishing_well
Elf:2:    nicolae_elf_blades_crystal_corner, layout_geoelf_diagonals,
          uniq_louise, uniq_saint_roka
Elf:3:    minmay_elf_hall_x, layout_loops_corners, st_stairs_5,
          kilobyte_rumbling_trees, grunt_megastairs_4, uniq_roxanne
Vaults:1: gammafunk_ghost_abyssal_escape, vaults_mumra_chevron, st_squares,
          vaults_room_hallway, nicolae_vaults_little_squares_1, v_rooms_1,
          v_misc_9, v_misc_12, vaults_room_door_hall, vaults_room_corners,
          ontoclasm_vaults_decontamination, vaults_room_stairs_pillars,
          vaults_dpeg_encased_lava, layout_vaults_omnicross
Vaults:2: nicolae_vaults_network_periphery, nicolae_vaults_ninety_degrees,
          v_pattern_4, nicolae_vaults_ring_of_whatevers, v_misc_27,
          vaults_room_pools, hangedman_vaults_slice, dpeg_vaults_monster_box,
          nicolae_vaults_rhombus_5, vaults_dpeg_hooks, layout_vaults_omnigrid,
          uniq_boris
Vaults:3: v_misc_16, v_misc_18, hangedman_vaults_snaps, vaults_dpeg_diagonal,
          nicolae_vaults_stairing_the_circle, v_misc_5, vaults_dpeg_ring,
          dpeg_vaults_monster_row, nicolae_vaults_network_s,
          nicolae_vaults_little_squares_5, layout_vaults_big_room, serial_shops,
          nicolae_shop_waterfront
Vaults:4: grunt_vaults_diagonal, v_alt_pattern_2, hangedman_vaults_capsules,
          grunt_vaults_swirl, v_misc_1, v_misc_9, ontoclasm_vaults_twist,
          vaults_room_hallway, ontoclasm_vaults_claustrophobia,
          nicolae_vaults_ring_of_whatevers, vaults_room_fancy_cross,
          hangedman_vaults_corner_blocks, v_alt_pattern_6,
          nicolae_vaults_rhombus_7, v_alt_pattern_1, layout_vaults_maze,
          uniq_margery
Crypt:1:  minmay_shadows, layout_misc_corridors, columned_hall_lemuel,
          uniq_khufu
Crypt:2:  layout_chaotic_city, uniq_donald, uniq_vv, uniq_mennas

Skill      XL: |  1  2  3  4  5  6  7  8  9 10 11 12 13 14 15 16 17 18 19 20 21 22 23 |
---------------+----------------------------------------------------------------------+-----
Fighting       | 3 4 5 6 8 9 10 13 16 18 19 20 21 22 | 22.0
Ranged Weapons | 5 6 7 8 10 12 15 16 17 18 | 18.0
Armour         | 1 2 3 5 6 7 9 10 12 13 15 17 18 19 20 21 | 21.6
Dodging        | 3 5 6 7 9 10 12 13 15 17 18 19 | 19.7
Invocations    | 4 11 13 15 17 | 17.0
Evocations     | 5 8 |  8.0
Stealth        | 2 3 |  3.0

Action                     |  1- 3 |  4- 6 |  7- 9 | 10-12 | 13-15 | 16-18 | 19-21 | 22-24 || total
---------------------------+-------+-------+-------+-------+-------+-------+-------+-------++-------
  Melee: Shortbow          |       |       |       |       |       |     2 |       |       ||     2
   Fire: Shortbow          |    85 |    85 |   321 |   676 |   455 |  1526 |   131 |    19 ||  3298
         Arbalest          |       |       |       |       |       |       |  1333 |   927 ||  2260
 Invoke: Heroism           |       |       |       |     8 |     7 |    12 |     9 |    10 ||    46
         Finesse           |       |       |       |     2 |     2 |     6 |     3 |     4 ||    17
         Duel              |       |       |       |       |       |       |       |     1 ||     1
  Evoke: Wand              |       |       |       |     1 |       |     3 |       |     1 ||     5
         Condenser vane    |       |       |       |       |       |     1 |     1 |     3 ||     5
    Use: Scroll            |       |    10 |     6 |    17 |     3 |     4 |     3 |     4 ||    47
         Potion            |       |       |       |     2 |     2 |     7 |     2 |     6 ||    19
 Armour: Leather armour    |    17 |       |       |       |       |       |       |       ||    17
         Ring mail         |     3 |    34 |   165 |   146 |       |   321 |   330 |   348 ||  1347
         Chain mail        |       |       |       |   157 |   222 |   111 |       |       ||   490
  Dodge: Dodged            |    34 |    26 |   181 |   382 |   346 |  1417 |  1283 |  1512 ||  5181
  Block: Other             |       |       |       |       |       |    43 |   178 |       ||   221
         Reflection        |       |       |       |       |       |    12 |    32 |       ||    44

Table legend: (Time is in decaauts)
 A = Elapsed time spent in this place.
 B = Non-inter-level travel time spent in this place.
 C = Inter-level travel time spent in this place.
 D = Time resting spent in this place.
 E = Time spent auto-exploring this place.
 F = Levels seen in this place.
 G = Mean time per level.
                   A        B        C        D        E       F      G
               +--------+--------+--------+--------+--------+-----+--------+
         Total |  21007 |  19509 |   1498 |    474 |     82 |  46 |  456.7 |
       Dungeon |   6842 |   6351 |    491 |      0 |      0 |  15 |  456.1 |
        Temple |     41 |     41 |      0 |      0 |      0 |   1 |   41.0 |
          Lair |   2819 |   2562 |    257 |     24 |      0 |   5 |  563.8 |
        Shoals |   2077 |   2020 |     57 |    160 |      0 |   4 |  519.2 |
   Spider Nest |   2379 |   2044 |    335 |      4 |      0 |   4 |  594.8 |
  Orcish Mines |    881 |    866 |     15 |      0 |      0 |   2 |  440.5 |
   Elven Halls |   1684 |   1461 |    223 |      0 |      0 |   3 |  561.3 |
        Vaults |   1716 |   1644 |     72 |      7 |      0 |   4 |  429.0 |
         Crypt |    770 |    723 |     47 |      0 |     47 |   2 |  385.0 |
        Bazaar |    138 |    138 |      0 |      0 |      0 |   1 |  138.0 |
         Sewer |    377 |    377 |      0 |    100 |      0 |   1 |  377.0 |
       Ossuary |    412 |    412 |      0 |      2 |      0 |   1 |  412.0 |
        Bailey |    338 |    338 |      0 |     71 |      0 |   1 |  338.0 |
      Gauntlet |    520 |    520 |      0 |    106 |     35 |   1 |  520.0 |
         Arena |      7 |      7 |      0 |      0 |      0 |   1 |    7.0 |
               +--------+--------+--------+--------+--------+-----+--------+

Top non-repeatable levels by time:
Vaults:2: 914 daAuts
Spider:4: 897 daAuts
  Lair:5: 830 daAuts
  Lair:3: 704 daAuts
Shoals:3: 648 daAuts
    D:11: 635 daAuts
     D:6: 631 daAuts
     D:9: 631 daAuts
   Elf:1: 624 daAuts
Shoals:4: 623 daAuts
   Elf:3: 613 daAuts
Spider:1: 612 daAuts
    D:13: 573 daAuts
    D:12: 550 daAuts
  Lair:4: 549 daAuts
